 Dungeon Crawl Stone Soup version 0.32-a0-630-g46d191b0ed (webtiles) character file.

Game seed: 9359758210165403575

423130 Drazool the Acrobat (level 23, -17/194 HPs)
             Began as a Coglin Hunter on Mar 5, 2024.
             Was an Elder of Uskayaw.
             Killed from afar by a fire giant (29 damage)
             ... with a bolt of fire
             ... on level 3 of the Depths on Mar 6, 2024.
             The game lasted 04:05:43 (66741 turns).

Drazool the Acrobat (Coglin Hunter)                Turns: 66741, Time: 04:05:43

Health: -17/194    AC: 16    Str: 10    XL:     23   Next: 75%
Magic:  34/34      EV: 34    Int: 10    God:    Uskayaw [****..]
Gold:   3477       SH:  0    Dex: 28    Spells: 22/22 levels left

rFire   . . .        b - +0 arbalest (heavy) {Xue}
rCold   + . .        (shield currently unavailable)
rNeg    . . .        i - +4 leather armour "Wibbupod" {rPois rC+ rCorr Str-3}
rPois   +            j - +2 hat {Will+}
rElec   +            T - scarf {+Inv}
rCorr   +            B - +2 pair of gloves
SInv    .            P - +2 pair of boots {Fly}
Will    ++...        (amulet unavailable)
Stlth   +++          (ring unavailable)
HPRegen 0.52/turn    (ring unavailable)
MPRegen 0.24/turn    N
                       - N-10 thermosprocket {AutoDazzle, rElec Slay+3}

%: no passive effects
@: lethally poisoned (-17 -> -20), flying, hasted, revved, very quick
A: off-hand wielding, slow wielding, warmup strikes, no jewellery, thin skeletal
structure 1, MP-powered wands
}: 2/15 runes: barnacled, gossamer
a: Renounce Religion, Evoke Invisibility, Stomp, Line Pass


You were on level 3 of the Depths.
You worshipped Uskayaw.
Uskayaw was pleased with you.
You visited 8 branches of the dungeon, and saw 40 of its levels.
You visited the Abyss 1 time.
You also visited: Sewer and Gauntlet.

You collected 6502 gold pieces.
You spent 3025 gold pieces at shops.


Innate Abilities, Weirdness & Mutations

You can wield a second weapon in your off-hand.
It takes a long time for you to wield or remove held weapons.
Your first few attacks do less damage.
You cannot equip rings or amulets.
You have a somewhat thin skeletal structure. (Dex +2, Stealth+)
You expend magic power (3 MP) to strengthen your wands.


   Skills:
 - Level 19.0 Fighting
 - Level 18.0 Ranged Weapons
 - Level 5.0 Armour
 - Level 22.0 Dodging
 - Level 0.7 Stealth
 + Level 15.1 Invocations
 - Level 18.0 Evocations


You had 22 spell levels left.
You didn't know any spells.
Your spell library contained the following spells:

 Spells                   Type           Power      Damage    Failure   Level
 Apportation              Tloc           0%         N/A       45%         1
 Foxfire                  Conj/Fire      0%         2x1d4     45%         1
 Kiss of Death            Conj/Necr      0%         2d5       45%         1
 Magic Dart               Conj           0%         1d3       45%         1
 Necrotise                Necr           0%         1d4       45%         1
 Sting                    Conj/Alch      0%         1d3       45%         1
 Summon Small Mammal      Summ           0%         N/A       45%         1
 Ensorcelled Hibernation  Hex/Ice        0%         N/A       58%         2
 Jinxbite                 Hex            0%         N/A       58%         2
 Lesser Beckoning         Tloc           0%         N/A       58%         2
 Mercury Vapours          Alch/Air       0%         N/A       58%         2
 Scorch                   Fire           0%         2d5       58%         2
 Searing Ray              Conj           0%         2d4       58%         2
 Fugue of the Fallen      Necr           0%         N/A       83%         3
 Gell's Gravitas          Tloc           0%         N/A       83%         3
 Hailstorm                Conj/Ice       0%         3d5       83%         3
 Inner Flame              Hex/Fire       0%         N/A       83%         3
 Stone Arrow              Conj/Erth      0%         3d7       83%         3
 Summon Ice Beast         Ice/Summ       0%         N/A       83%         3
 Teleport Other           Tloc           0%         N/A       83%         3
 Tukima's Dance           Hex            0%         N/A       83%         3
 Anguish                  Hex/Necr       0%         N/A       99%         4
 Animate Armour           Summ/Erth      0%         N/A       99%         4
 Cause Fear               Hex            0%         N/A       99%         4
 Dimensional Bullseye     Hex/Tloc       0%         N/A       99%         4
 Flame Wave               Conj/Fire      0%         2d4       99%         4
 Fulminant Prism          Conj/Alch      0%         3d5       99%         4
 Leda's Liquefaction      Alch/Erth      0%         N/A       99%         4
 Manifold Assault         Tloc           0%         N/A       99%         4
 Olgreb's Toxic Radiance  Alch           0%         N/A       99%         4
 Passage of Golubria      Tloc           0%         N/A       99%         4
 Sticky Flame             Fire/Alch      0%         2d4       99%         4
 Alistair's Intoxication  Alch           0%         N/A       100%        5
 Fireball                 Conj/Fire      0%         3d3       100%        5
 Lee's Rapid Deconstruct  Erth           0%         3d4*      100%        5
 Silence                  Hex/Air        0%         N/A       100%        5
 Summon Mana Viper        Hex/Summ       0%         N/A       100%        5
 Yara's Violent Unravell  Hex/Alch       0%         3d3       100%        5
 Bombard                  Conj/Erth      0%         9d1       100%        6
 Dispersal                Tloc           0%         N/A       100%        6
 Plasma Beam              Fire/Air       0%         2x1d10    100%        6
 Sculpt Simulacrum        Ice/Alch       0%         N/A       100%        6
 Starburst                Conj/Fire      0%         6d3       100%        6
 Enfeeble                 Hex            0%         N/A       100%        7
 Haunt                    Necr/Summ      0%         N/A       100%        7
 Monstrous Menagerie      Summ           0%         N/A       100%        7
 Borgnjor's Revivificati  Necr           0%         N/A       100%        8
 Disjunction              Tloc           0%         N/A       100%        8
 Ignition                 Fire           0%         3d3       100%        8
 Lehudib's Crystal Spear  Conj/Erth      0%         10d2      100%        8
 Death's Door             Necr           0%         N/A       100%        9
 Fire Storm               Conj/Fire      0%         5d1       100%        9

Inventory:

Hand Weapons
 a - a +2 sling of draining {Bianca}
 b - a +0 heavy arbalest (weapon) {Xue}
 K - a +1 sling of electrocution {Kasem}
Missiles
 k - 11 curare-tipped darts {=f}
 X - a throwing net {=f}
Armour
 i - the +4 leather armour "Wibbupod" (worn) {rPois rC+ rCorr Str-3}
   (You took it off a minotaur in a Gauntlet)

   Str-3:     It affects your strength (-3).
   rC+:       It protects you from cold.
   rPois:     It protects you from poison.
   rCorr:     It protects you from acid and corrosion.
 j - a +2 hat of willpower (worn)
 B - a +2 pair of gloves (worn)
 P - a +2 pair of boots of flying (worn)
 T - a scarf of invisibility (worn)
Gizmo
 N - a N-10 thermosprocket (installed) {AutoDazzle, rElec Slay+3}
   (You invented it yourself on level 5 of the Lair of Beasts)

   [N-10 thermosprocket]

   AutoDazzle: It sometimes fires a blinding ray at enemies whose attacks you
   dodge.
   Slay+3:    It affects your accuracy & damage with ranged weapons and melee
   (+3).
   rElec:     It insulates you from electricity.
Wands
 g - a wand of flame (46)
 o - a wand of mindburst (40)
 q - a wand of light (3)
 u - a wand of roots (22)
 D - a wand of paralysis (24)
 O - a wand of digging (11)
 W - a wand of polymorph (9)
Scrolls
 d - 3 scrolls of torment
 f - 4 scrolls of immolation
 h - 14 scrolls of amnesia
 l - 4 scrolls of revelation
 m - 6 scrolls of enchant armour
 x - 10 scrolls of identify {@r1}
 y - 11 scrolls of teleportation {@r2}
 E - 5 scrolls of vulnerability
 F - 10 scrolls of poison
 G - 7 scrolls of enchant weapon
 I - 4 scrolls of fog
 L - 4 scrolls of fear
 M - 7 scrolls of noise
 R - a scroll of butterflies
 S - a scroll of brand weapon
Potions
 c - 5 potions of brilliance
 e - 5 potions of haste {@q3}
 p - 7 potions of might
 r - 8 potions of lignification
 s - 11 potions of enlightenment
 t - 15 potions of curing {@q1}
 v - 13 potions of attraction
 z - 3 potions of resistance
 C - 3 potions of cancellation
 H - 3 potions of heal wounds {@q2}
 J - 4 potions of magic
 Q - a potion of invisibility
 U - 8 potions of ambrosia
 V - 8 potions of mutation
Miscellaneous
 n - a lightning rod (4/4)
 A - a tin of tremorstones (2/2)
 Y - a phantom mirror
 Z - a phial of floods

Dungeon Overview and Level Annotations

Branches:
Dungeon (15/15)            Temple (0/1) D:4            Lair (5/5) D:9
 Shoals (4/4) Lair:2       Spider (4/4) Lair:3        Slime (0/5) Lair:5
    Orc (2/2) D:10            Elf (3/3) Orc:2        Vaults (4/5) D:14
  Crypt (0/3) Vaults:2     Depths (3/4) D:15          Sewer (visited)
Gauntlet (visited)

Altars:
Dithmenos
Elyvilon
Gozag
Makhleb
Trog
Uskayaw
Vehumet
The Shining One
Beogh
Jiyva

Shops:
D:6 [   D:7 [   D:8 ([[*   D:11 !   Orc:2 !=:*   Elf:1 :   Elf:2 *
Elf:3 =(::(   Shoals:1 (   Shoals:4 [   Vaults:1 (   Depths:1 [[=

Portals:
Hell: Depths:1 Depths:2 Depths:3
Abyss: Depths:3
Pandemonium: Depths:2
Trove: D:15 (give +8 demon blade)

Annotations:
Lair:2 exclusion: door
Lair:5 1 runed translucent door
Spider:1 Roxanne
Vaults:1 exclusion: door

,* ################.# ,*
#.......#<[.......
,*****##########.####..#######...
,**,,,........##.#.......######).
,**,,,........##.#.....#.######.#
,++,,,........'..[...........##÷.
,**,,,........##.#..#....###.....
,*####.#########.#..####.###.##..
,,.........[....@...(.<..........
,*####.........†.#.....#.###.....
,****#.########C.################
,*,,.........[...................
,*,#......###.##.#.........#####.
,*,#,..#*,* #.##...##....###..∩..
,*,*,*,**,*##......##...##...#...
,,,*,,,,,,,.........b..##........
,,,**,,****#....^.###L.#...#.##..


You could see a fire giant.


Message History

You shoot a bolt.
You feel very sick. Something hits you!!
Something bites you but does no damage.
Unknown command.
You shoot a bolt.
You feel very sick. Something barely misses you. Something bites you!
* * * LOW HITPOINT WARNING * * *
Something draws strength from your injuries!
Unknown command.
You shoot a bolt.
The bolt completely misses the fire giant.
You feel very sick. Something closely misses you.
The fire giant hits you with a +1 great sword of flaming!!
* * * LOW HITPOINT WARNING * * *
The fire giant burns you!
* * * LOW HITPOINT WARNING * * *
Unknown command.
Okay, then.
You feel yourself speed up.
You feel sick. Something closely misses you.
The fire giant hits you with a +1 great sword of flaming!!
* * * LOW HITPOINT WARNING * * *
The fire giant burns you!
* * * LOW HITPOINT WARNING * * *
You feel sick.
The fire giant points at you and mumbles some strange words.
The bolt of fire hits you!!
You die...
Your body falls in perfect tune with the rhythm.

Skill      XL: |  1  2  3  4  5  6  7  8  9 10 11 12 13 14 15 16 17 18 19 20 21 22 23 |
---------------+----------------------------------------------------------------------+-----
Ranged Weapons | 4 5 6 7 8 10 11 14 15 18 | 18.0
Dodging        | 4 5 8 13 16 19 20 22 | 22.0
Invocations    | 4 6 10 11 14 15 | 15.1
Evocations     | 2 3 5 7 16 18 | 18.0
Fighting       | 6 7 8 13 15 16 17 19 | 19.0
Armour         | 5 |  5.0
Stealth        | |  0.7

Action                     |  1- 3 |  4- 6 |  7- 9 | 10-12 | 13-15 | 16-18 | 19-21 | 22-24 || total
---------------------------+-------+-------+-------+-------+-------+-------+-------+-------++-------
  Melee: Sling             |       |       |       |       |       |    14 |       |       ||    14
   Fire: Sling             |   154 |   284 |   670 |  1562 |  2744 |  3358 |  3928 |       || 12700
         Arbalest          |       |       |       |       |       |       |    43 |   802 ||   845
  Throw: Dart              |       |       |     2 |       |       |       |       |       ||     2
 Invoke: Stomp             |       |       |       |     1 |     4 |     8 |    16 |    13 ||    42
         Line Pass         |       |       |       |     1 |       |     8 |     5 |     4 ||    18
         Grand Finale      |       |       |       |       |       |    10 |    12 |     1 ||    23
Ability: Invent Gizmo      |       |       |       |       |     1 |       |       |       ||     1
         Evoke Invisibilit |       |       |       |       |       |       |     2 |       ||     2
  Evoke: Wand              |       |       |     6 |    29 |     7 |     8 |     5 |     7 ||    62
    Use: Scroll            |       |     3 |    11 |     9 |     5 |    14 |    10 |     6 ||    58
         Potion            |       |       |     5 |     7 |     1 |    13 |     9 |     5 ||    40
 Armour: Leather armour    |     7 |    24 |    73 |    51 |   252 |   333 |   382 |   362 ||  1484
         Steam dragon scal |       |       |       |   177 |       |       |       |       ||   177
  Dodge: Dodged            |    11 |    21 |    62 |   233 |   214 |   602 |   899 |   930 ||  2972

Levels and vault maps discovered:
D:1:      zaba_arrival_water, layout_basic, minmay_pentomino_z2
D:2:      layout_loops_ring, basic_altar, nicolae_elevator_lobby_plus
D:3:      layout_loops_ring, nicolae_titane
D:4:      mumra_celtic_spiral_tile, layout_rooms, mainiacjoe_overflow_catwalk,
          minmay_temple_entry_statues_pillars
D:5:      layout_rooms, mainiacjoe_sewer_entry_somewhere_in_here_1,
          uniq_grinder, uniq_edmund
D:6:      layout_cave_pools, serial_shops, shop, minmay_misc_feat_alley,
          kennysheep_small_spiral
D:7:      layout_basic, lightli_temple_of_fire, overflow_temple_1_default,
          nicolae_ossuary_entry_giza, serial_shops, shop,
          minmay_increasing_density, uniq_maggie, uniq_jeremiah, uniq_maurice
D:8:      layout_basic, serial_shops, nicolae_shop_behind_doors,
          nicolae_shop_just_a_little_nook, nicolae_shop_overgrown_old_shop,
          nicolae_shop_tiny_glass
D:9:      layout_loops_ring, lair_entry_dummy, serial_co_window_serial,
          co_window_paths_b, co_window_cross_1, co_window_paths_a,
          co_window_paths_a, co_window_corner_a, co_window_of_opportunity_b,
          co_window_broadway_b, co_window_2corner, co_window_corner_cb,
          co_window_corner_cb, glass_columns_a, glass_columns_a,
          glass_columns_a, glass_columns_b
D:10:     layout_roguey, erik_orc_1
D:11:     layout_roguey, serial_shops, shop
D:12:     layout_basic, uniq_gastronok, uniq_kirke
D:13:     minmay_wizard_corner, layout_basic, minmay_door_square
D:14:     layout_irregular_city, grunt_vaults_entry_tiered,
          hangedman_decor_lopped
D:15:     gammafunk_enter_depths_forms, layout_basic,
          nicolae_trove_entry_free_sample, minmay_misc_feat_four_crosses
Lair:1:   layout_big_grid, infiniplex_staircase_pool_2, grunt_megastairs_5,
          lemuel_fruit_fields, serial_bayou_shore_a, lemuel_fruit_fields,
          lemuel_fruit_tree
Lair:2:   layout_cave_pods, elwin_shoals_entry_rooms, serial_forest,
          infiniplex_forest_lined_room_2, infiniplex_forest_end_3,
          infiniplex_forest_straight_4, infiniplex_forest_clump_tiny,
          infiniplex_forest_end_1, infiniplex_forest_straight_3,
          gauntlet_entry_generic, lemuel_fruit_fields
Lair:3:   layout_layer_cave, dummy_spider_entry, serial_forest,
          infiniplex_forest_clump_double, infiniplex_forest_lined_2,
          infiniplex_forest_clump_diagonal, infiniplex_forest_lined_3_way,
          infiniplex_forest_clump_small, infiniplex_forest_clump_curved,
          uniq_snorg, uniq_josephine, uniq_rupert
Lair:4:   layout_hall_layers, lookout_lair_type, minmay_holes
Lair:5:   wormcave, layout_small_grid, guppyfry_lair_end_dragon, slime_entry_2
Shoals:1: nicolae_shoals_deep_elves_summer_vacation, layout_shoals,
          serial_shops, shop
Shoals:2: layout_shoals, uniq_aizul
Shoals:3: layout_shoals, uniq_ilsuiw
Shoals:4: shoals_end_hangedman, layout_shoals, shoals_ilsuiw_alternative,
          serial_shops, nicolae_shop_scrapyard
Spider:1: nicolae_spider_hilbert_zone_1 [nicolae_spider_hilbert_4_sides_1_open,
          nicolae_spider_hilbert_4_sides_1_open,
          nicolae_spider_hilbert_4_sides_1_open,
          nicolae_spider_hilbert_4_sides_1_open,
          nicolae_spider_hilbert_3_sides_1_open,
          nicolae_spider_hilbert_3_sides_1_open,
          nicolae_spider_hilbert_3_sides_1_open,
          nicolae_spider_hilbert_3_sides_1_open,
          nicolae_spider_hilbert_3_sides_1_open,
          nicolae_spider_hilbert_6_sides_1_open,
          nicolae_spider_hilbert_6_sides_1_open,
          nicolae_spider_hilbert_3_sides_1_open,
          nicolae_spider_hilbert_3_sides_1_open,
          nicolae_spider_hilbert_3_sides_1_open,
          nicolae_spider_hilbert_3_sides_1_open,
          nicolae_spider_hilbert_2_sides_1_open], uniq_louise, uniq_roxanne
Spider:2: layout_spider_delve, hangedman_spider_tarantella_strand
Spider:3: nicolae_orb_stairs_large, nicolae_spider_swamp_cousins, uniq_donald
Spider:4: hellmonk_spider_rune_endless_swarm, uniq_arachne
Orc:1:    layout_diamond_mine, basic_altar, bloody_makhleb
Orc:2:    hellmonk_orc_salted, layout_diamond_mine, basic_altar
Elf:1:    layout_loops_corners, serial_shops, nicolae_book_shop_shelving,
          hangedman_elf_disciples
Elf:2:    nicolae_elf_blades_crystal_corner, layout_geoelf_grid, st_stairs_8,
          dk_noncrumbling_3, minmay_shop_grid_forest, dk_noncrumbling_4,
          patterned_corridor
Elf:3:    grunt_elf_hall_asides, layout_gridlike, serial_shops,
          nicolae_shop_bloodbath_and_beyond, nicolae_square_shop,
          minmay_shop_grove, uniq_bai_suzhen
Vaults:1: v_alt_pattern_2, v_misc_11, grunt_tower_of_power,
          vaults_dpeg_emergency_exit, vaults_dpeg_hooks,
          vaults_room_stairs_pillars, nicolae_vaults_more_shelving_1, v_misc_12,
          v_misc_17, vaults_room_fancy_cross, ontoclasm_vaults_fault,
          vaults_mumra_minichess, nicolae_vaults_stepped_doors,
          nicolae_vaults_variable_pillar_hall, nicolae_vaults_trapezoid_1,
          layout_vaults_omnibox, serial_shops, shop_coins
Vaults:2: nicolae_vaults_ninety_degrees, v_rooms_3,
          minmay_crypt_entry_simple_walls, grunt_vaults_swirl,
          vaults_room_door_ring, nicolae_vaults_heart-shaped_vault,
          hangedman_vaults_restitches, hangedman_vaults_corner_blocks,
          nicolae_vaults_turnstiles, nicolae_vaults_trapezoid_layered,
          nicolae_vaults_storage_room_statues, layout_vaults_ring
Vaults:3: nicolae_vaults_six-pack, nicolae_vaults_door_testing_chamber,
          nicolae_vaults_wrenched, nicolae_vaults_hallways_thing,
          nicolae_vaults_closet_pinwheel_1, nicolae_vaults_storage_closets_3,
          v_misc_29, ontoclasm_vaults_pinch, nicolae_vaults_little_squares_4,
          vaults_room_large_hall, nicolae_vaults_ring_of_whatevers,
          nicolae_vaults_two_Ls, nicolae_vaults_trapezoid_3, layout_vaults_maze
Vaults:4: nicolae_vaults_trapezoid_lopsided_4, hangedman_vaults_slice,
          nicolae_vaults_big_ls, nicolae_vaults_tetromino_T_2,
          grunt_vaults_trifunnel, dpeg_vaults_monster_box, vaults_room_hallway,
          layout_vaults_omnigrid, uniq_margery
Depths:1: layout_honeycomb, lightli_too_deep, grunt_dithmenos_smoke,
          tso_metal_star, serial_bayou_shore_b, minmay_shop_star,
          uniq_saint_roka
Depths:2: minmay_bloctagon_deflated, layout_cave_shapes, hellmouth_1,
          serial_library_hellmonk_open_square, pan_entry, serial_sigils,
          serial_sigils_hangedman_writhe, serial_sigils_hangedman_gut
Depths:3: minmay_swirls_squares, layout_basic, abyss_entry,
          grunt_hell_entry_dis_old, rand_demon_pan_entry_1,
          minmay_staircase_bubble, uniq_xtahua

Notes
Turn   | Place    | Note
-------+----------+-------------------------------------------
     0 | D:1      | Drazool the Coglin Hunter began the quest for the Orb.
     0 | D:1      | Reached XP level 1. HP: 16/16 MP: 1/1
   125 | D:1      | Reached skill level 4 in Ranged Weapons
   125 | D:1      | Reached XP level 2. HP: 16/22 MP: 2/2
   585 | D:1      | Reached XP level 3. HP: 27/27 MP: 3/3
  1267 | D:2      | Reached skill level 5 in Ranged Weapons
  1267 | D:2      | Reached XP level 4. HP: 33/33 MP: 4/4
  1390 | D:2      | Found a hide-covered altar of Uskayaw.
  1677 | D:2      | Became a worshipper of Uskayaw the Reveller
  1699 | D:3      | Reached * piety under Uskayaw
  1786 | D:3      | Reached ** piety under Uskayaw
  1809 | D:3      | Reached *** piety under Uskayaw
  1813 | D:3      | Reached **** piety under Uskayaw
  1857 | D:3      | Noticed a bullfrog
  1864 | D:3      | Killed a bullfrog
  1865 | D:3      | Reached skill level 6 in Ranged Weapons
  1865 | D:3      | Reached XP level 5. HP: 34/38 MP: 5/5
  2401 | D:4      | Noticed a steam dragon
  2461 | D:4      | Found an opulent altar of Gozag.
  2494 | D:4      | Found a staircase to the Ecumenical Temple.
  2634 | D:4      | Reached XP level 6. HP: 27/44 MP: 6/6
  2836 | D:5      | Entered Level 5 of the Dungeon
  2898 | D:5      | Reached skill level 7 in Ranged Weapons
  2964 | D:5      | Reached XP level 7. HP: 22/50 MP: 7/7
  3070 | D:5      | Reached skill level 8 in Ranged Weapons
  3083 | D:5      | Reached ***** piety under Uskayaw
  3087 | D:5      | Found a glowing drain.
  3099 | Sewer    | Entered a sewer
  3178 | Sewer    | HP: 1/50 [kobold brigand/+0 short sword (8)]
  3186 | Sewer    | Reached skill level 2 in Dodging
  3319 | Sewer    | Found a white marble altar of Elyvilon.
  3488 | D:5      | Noticed Grinder
  3493 | D:5      | Paralysed by Grinder for 4 turns
  3503 | D:5      | Killed Grinder
  3504 | D:5      | Reached skill level 4 in Dodging
  3504 | D:5      | Reached XP level 8. HP: 51/56 MP: 8/8
  3616 | D:5      | Reached skill level 5 in Dodging
  3656 | D:5      | Reached skill level 1 in Invocations
  3724 | D:5      | Noticed Edmund
  3738 | D:5      | HP: 1/56 [Edmund/+4 heavy flail (18)]
  3740 | D:5      | Killed Edmund
  3741 | D:5      | Reached skill level 2 in Invocations
  4110 | D:4      | Reached skill level 3 in Invocations
  4815 | D:6      | Reached skill level 4 in Invocations
  4815 | D:6      | Reached skill level 1 in Evocations
  4831 | D:6      | Reached skill level 2 in Evocations
  4831 | D:6      | Reached XP level 9. HP: 61/61 MP: 12/12
  4854 | D:6      | Reached skill level 3 in Evocations
  4899 | D:6      | Found Hoezill's Antique Armour Emporium.
  4907 | D:6      | Bought a pair of runed gloves for 225 gold pieces
  4961 | D:6      | Reached skill level 3 in Fighting
  5276 | D:6      | Reached skill level 4 in Fighting
  5507 | D:7      | Found a white marble altar of Elyvilon.
  5586 | D:7      | Noticed Maggie
  5602 | D:7      | Reached skill level 5 in Fighting
  5616 | D:7      | Noticed Jeremiah
  5770 | D:7      | Reached skill level 9 in Ranged Weapons
  6047 | D:7      | Noticed Maurice
  6051 | D:7      | Killed Maggie
  6052 | D:7      | Reached skill level 10 in Ranged Weapons
  6062 | D:7      | Maurice stole a staff of fire {!a}
  6096 | D:7      | Something stole 71 gold
  6104 | D:7      | HP: 5/61 [Maurice/+1 morningstar of draining (14)]
  6104 | D:7      | HP: 1/59 [Maurice/+1 morningstar of draining (4)]
  6108 | D:7      | Killed Maurice
  6109 | D:7      | Reached skill level 6 in Fighting
  6109 | D:7      | Reached XP level 10. HP: 11/77 MP: 13/13
  6474 | D:7      | Killed Jeremiah
  6475 | D:7      | Reached skill level 7 in Fighting
  6523 | D:7      | Found a bloodstained altar of Trog.
  6587 | D:7      | Reached skill level 4 in Evocations
  6668 | D:7      | Found Pups's Armour Emporium.
  7012 | D:8      | Reached skill level 5 in Evocations
  7046 | D:8      | Found Cosianat's Weapon Shop.
  7204 | D:8      | Reached skill level 5 in Invocations
  7365 | D:8      | Found Funnysoj's Armour Emporium.
  7483 | D:8      | Found Siasmuj's Assorted Antiques.
  7490 | D:8      | Found Yskanla's Antique Armour Boutique.
  8252 | D:9      | Reached skill level 6 in Invocations
  8723 | D:9      | Found a staircase to the Lair.
  8843 | D:9      | Reached skill level 11 in Ranged Weapons
  8843 | D:9      | Reached XP level 11. HP: 61/84 MP: 15/15
  9412 | D:10     | Entered Level 10 of the Dungeon
  9435 | D:10     | Identified a scroll of acquirement
  9854 | D:10     | Identified the +3 ring mail of Brilliance {Will++ Str-3}
  9988 | D:10     | Found a staircase to the Orcish Mines.
 10186 | D:10     | Acquired 880 gold pieces
 10273 | Lair:1   | Entered Level 1 of the Lair of Beasts
 10295 | Lair:1   | Reached skill level 12 in Ranged Weapons
 10478 | Lair:1   | Identified the +2 long sword "Beastslayer" {drain, ^Drain
                  | rCorr Int+7}
 10904 | Lair:1   | Reached skill level 13 in Ranged Weapons
 11030 | Lair:1   | Reached ****** piety under Uskayaw
 11404 | Lair:2   | Found a gate leading to a gauntlet.
 11412 | Gauntlet | Entered a Gauntlet
 11412 | Gauntlet | Found a transporter.
 11412 | Gauntlet | Found a transporter.
 11412 | Gauntlet | Found a transporter.
 11422 | Gauntlet | Found a transporter.
 11425 | Gauntlet | Found a transporter.
 11427 | Gauntlet | Noticed a sixfirhy
 11436 | Gauntlet | Found a transporter.
 11436 | Gauntlet | Found a transporter.
 11442 | Gauntlet | Found a runed translucent gate.
 11442 | Gauntlet | Found a runed translucent gate.
 11442 | Gauntlet | Found a runed translucent gate.
 11442 | Gauntlet | Noticed an orange crystal statue
 11444 | Gauntlet | Found a transporter.
 11460 | Gauntlet | Noticed a death scarab
 11461 | Gauntlet | Noticed a death scarab
 11462 | Gauntlet | Found a transporter.
 11468 | Gauntlet | Found a transporter.
 11470 | Gauntlet | Found a transporter.
 11480 | Gauntlet | Found a transporter.
 11744 | Gauntlet | Killed a sixfirhy
 11745 | Gauntlet | Reached skill level 14 in Ranged Weapons
 11745 | Gauntlet | Reached XP level 12. HP: 75/91 MP: 16/16
 11787 | Gauntlet | Identified the +4 leather armour "Wibbupod" {rPois rC+
                  | rCorr Str-3}
 11787 | Gauntlet | Noticed a minotaur
 11808 | Gauntlet | HP: 5/91 [minotaur/staff of earth (15)]
 11810 | Gauntlet | Killed a minotaur
 12244 | Gauntlet | Reached skill level 7 in Invocations
 12494 | Lair:2   | Noticed a skyshark
 12503 | Lair:2   | Killed a skyshark
 12568 | Lair:2   | Identified the +9 mace of Absolution {freeze, rN+ MP+9
                  | SInv}
 12623 | Lair:2   | Noticed a four-headed hydra
 12639 | Lair:2   | Killed a four-headed hydra
 12640 | Lair:2   | Reached skill level 8 in Invocations
 13140 | Lair:2   | Reached skill level 9 in Invocations
 13917 | Lair:3   | Noticed Rupert
 14010 | Lair:3   | Paralysed by Rupert for 3 turns
 14073 | Lair:3   | Noticed a five-headed hydra
 14079 | Lair:3   | Killed a five-headed hydra
 14080 | Lair:3   | Reached skill level 10 in Invocations
 14353 | Lair:3   | Killed Rupert
 14354 | Lair:3   | Reached skill level 8 in Fighting
 14354 | Lair:3   | Reached XP level 13. HP: 35/99 MP: 15/20
 14677 | Lair:3   | Noticed Snorg
 14694 | Lair:3   | Killed Snorg
 14695 | Lair:3   | Reached skill level 9 in Fighting
 14731 | Lair:3   | Noticed Josephine
 15052 | Lair:3   | Found a hole to the Spider Nest.
 15063 | Lair:3   | Killed Josephine
 15275 | Lair:3   | Reached skill level 10 in Fighting
 15661 | Lair:4   | Reached skill level 11 in Fighting
 15921 | Lair:4   | Reached skill level 12 in Fighting
 16310 | Lair:5   | Entered Level 5 of the Lair of Beasts
 16545 | Lair:5   | Reached skill level 13 in Fighting
 16897 | Lair:5   | Reached XP level 14. HP: 118/118 MP: 21/21
 16897 | Lair:5   | Acquired a N-10 thermosprocket {AutoDazzle, rElec Slay+3}
 17099 | Lair:5   | Found a runed translucent door.
 17099 | Lair:5   | Found a viscous altar of Jiyva.
 17099 | Lair:5   | Noticed an azure jelly
 17100 | Lair:5   | Found a staircase to the Slime Pits.
 17182 | Lair:5   | Reached skill level 14 in Fighting
 18189 | Lair:5   | Reached skill level 15 in Fighting
 18580 | Orc:1    | Entered Level 1 of the Orcish Mines
 18708 | D:7      | Bought a +1 pair of boots of flying for 198 gold pieces
 18757 | D:6      | Bought an ancient ring mail for 270 gold pieces
 18757 | D:6      | Identified the +1 ring mail of Weak Happiness {rElec rC-
                  | rCorr Dex+4} (You bought it in a shop on level 6 of the
                  | Dungeon)
 18931 | Orc:1    | Found a burning altar of Makhleb.
 18995 | Orc:1    | Reached skill level 6 in Dodging
 19002 | Orc:1    | Found a roughly hewn altar of Beogh.
 19182 | Orc:2    | Entered Level 2 of the Orcish Mines
 19182 | Orc:2    | Found a roughly hewn altar of Beogh.
 19286 | Orc:2    | Found a staircase to the Elven Halls.
 19427 | Orc:2    | Reached skill level 7 in Dodging
 20164 | Orc:2    | Paralysed by an orc sorcerer for 5 turns
 20200 | Orc:2    | Reached skill level 8 in Dodging
 20303 | Orc:2    | Noticed an orc warlord
 20315 | Orc:2    | Killed an orc warlord
 20316 | Orc:2    | Found Tyca Ude's Distillery.
 20699 | Orc:2    | Paralysed by an orc sorcerer for 5 turns
 20735 | Orc:2    | Found a roughly hewn altar of Beogh.
 20736 | Orc:2    | Found Xintitush's Jewellery Boutique.
 20747 | Orc:2    | Bought a potion of might for 64 gold pieces
 20771 | Orc:2    | Reached skill level 11 in Invocations
 20771 | Orc:2    | Reached XP level 15. HP: 127/129 MP: 23/23
 20785 | Orc:2    | Found Eveqatyutz's General Store.
 20873 | Orc:2    | Found Suehouh's Book Shop.
 20873 | Orc:2    | Noticed an orc warlord
 20891 | Orc:2    | Paralysed by an orc sorcerer for 5 turns
 21423 | D:11     | Found Ridghinu's Distillery.
 22059 | D:12     | Noticed Gastronok
 22069 | D:12     | Killed Gastronok
 22138 | D:12     | Noticed Kirke
 22153 | D:12     | Killed Kirke
 22154 | D:12     | Reached skill level 12 in Invocations
 23330 | D:13     | Got the Secrets of Attacks and Guile
 23475 | D:13     | You are cast into the Abyss!
 23475 | Abyss:2  | Cast into level 2 of the Abyss (an occultist)
 23619 | Abyss:2  | Reached skill level 13 in Invocations
 23765 | Abyss:2  | Found a corrupted altar of Lugonu.
 23788 | Abyss:2  | Found a corrupted altar of Lugonu.
 23928 | Abyss:2  | Found a corrupted altar of Lugonu.
 23933 | Abyss:2  | Found a corrupted altar of Lugonu.
 23991 | Abyss:2  | Gained mutation: Your health recovers twice as slowly from
                  | being drained. [a neqoxec]
 24051 | Abyss:2  | Noticed a tentacled starspawn
 24067 | Abyss:2  | Killed a tentacled starspawn
 24077 | D:13     | You pass through the gate.
 24077 | D:13     | Escaped the Abyss
 24631 | D:14     | Reached skill level 14 in Invocations
 24649 | D:14     | Reached skill level 6 in Evocations
 24833 | D:14     | Reached skill level 7 in Evocations
 24833 | D:14     | Reached XP level 16. HP: 120/136 MP: 26/26
 25026 | D:14     | Reached skill level 9 in Dodging
 25091 | D:14     | Found a gate to the Vaults.
 25292 | D:14     | Reached skill level 10 in Dodging
 25720 | D:14     | Upgraded the game from 0.32-a0-616-g9348d4545b to
                  | 0.32-a0-630-g46d191b0ed
 25860 | D:15     | Entered Level 15 of the Dungeon
 25894 | D:15     | Found a portal to a secret trove of treasure.
 26397 | D:15     | Reached skill level 11 in Dodging
 27469 | D:15     | Found a staircase to the Depths.
 27725 | D:8      | Bought a +1 sling of electrocution for 139 gold pieces
 27885 | Elf:1    | Entered Level 1 of the Elven Halls
 28418 | Elf:1    | Reached skill level 12 in Dodging
 28426 | Elf:1    | Found Zoruntat's Book Shoppe.
 29364 | Elf:2    | Reached skill level 13 in Dodging
 29447 | Elf:2    | Reached XP level 17. HP: 136/142 MP: 27/27
 29641 | Elf:2    | Found Ewkost's General Store.
 29644 | Elf:2    | Bought a potion of brilliance for 44 gold pieces
 29644 | Elf:2    | Bought a scroll of blinking for 82 gold pieces
 29644 | Elf:2    | Bought the +13 scythe of Curses {drain, curses, ^Drain} for
                  | 880 gold pieces
 29644 | Elf:2    | Found the +13 scythe of Curses {drain, curses, ^Drain}
 29676 | Elf:2    | Found a runed translucent gate.
 29676 | Elf:2    | Found a runed translucent gate.
 29676 | Elf:2    | Found a runed translucent gate.
 29746 | Elf:2    | Reached skill level 14 in Dodging
 31010 | Elf:2    | Reached skill level 15 in Dodging
 31885 | Elf:3    | Entered Level 3 of the Elven Halls
 31888 | Elf:3    | Noticed Bai Suzhen
 32229 | Spider:1 | Entered Level 1 of the Spider Nest
 32742 | Spider:1 | Identified 2 potions of resistance
 32795 | Spider:1 | Reached skill level 16 in Dodging
 32805 | Spider:1 | Lost mutation: Your health recovers twice as slowly from
                  | being drained. [potion of mutation]
 32805 | Spider:1 | Gained mutation: Your spells are a little easier to cast,
                  | but a little less powerful. [potion of mutation]
 32805 | Spider:1 | Gained mutation: You are weak. (Str -2) [potion of
                  | mutation]
 32805 | Spider:1 | Gained mutation: You possess an exceptional clarity of
                  | mind. [potion of mutation]
 32806 | Spider:1 | Lost mutation: Your spells are a little easier to cast, but
                  | a little less powerful. [potion of mutation]
 32806 | Spider:1 | Lost mutation: You possess an exceptional clarity of mind.
                  | [potion of mutation]
 32806 | Spider:1 | Lost mutation: You are weak. (Str -2) [potion of mutation]
 32806 | Spider:1 | Gained mutation: You occasionally lose the ability to read
                  | scrolls when taking damage. [potion of mutation]
 32806 | Spider:1 | Gained mutation: You occasionally lose the ability to drink
                  | potions when taking damage. [potion of mutation]
 32806 | Spider:1 | Gained mutation: You are vulnerable to heat. (rF-) [potion
                  | of mutation]
 33303 | Orc:2    | Bought a potion of cancellation for 128 gold pieces
 33303 | Orc:2    | Bought 2 potions of mutation for 256 gold pieces
 33303 | Orc:2    | Lost mutation: You are vulnerable to heat. (rF-) [potion of
                  | mutation]
 33303 | Orc:2    | Lost mutation: You occasionally lose the ability to read
                  | scrolls when taking damage. [potion of mutation]
 33303 | Orc:2    | Gained mutation: You have a pair of small horns on your
                  | head. [potion of mutation]
 33303 | Orc:2    | Gained mutation: Your health recovers twice as slowly from
                  | being drained. [potion of mutation]
 33303 | Orc:2    | Gained mutation: You sometimes lose the ability to drink
                  | potions when taking damage. [potion of mutation]
 33304 | Orc:2    | Lost mutation: Your health recovers twice as slowly from
                  | being drained. [potion of mutation]
 33304 | Orc:2    | Lost mutation: You sometimes lose the ability to drink
                  | potions when taking damage. [potion of mutation]
 33304 | Orc:2    | Lost mutation: You have a pair of small horns on your head.
                  | [potion of mutation]
 33304 | Orc:2    | Gained mutation: Your flesh is cold resistant. (rC+)
                  | [potion of mutation]
 33329 | Orc:2    | Bought a potion of mutation for 120 gold pieces
 33329 | Orc:2    | Lost mutation: Your flesh is cold resistant. (rC+) [potion
                  | of mutation]
 33329 | Orc:2    | Lost mutation: You occasionally lose the ability to drink
                  | potions when taking damage. [potion of mutation]
 33329 | Orc:2    | Gained mutation: You expend magic power (3 MP) to
                  | strengthen your wands. [potion of mutation]
 33329 | Orc:2    | Gained mutation: You have a somewhat thin skeletal
                  | structure. (Dex +2, Stealth+) [potion of mutation]
 33494 | D:11     | Bought a potion of heal wounds for 55 gold pieces
 33494 | D:11     | Bought a potion of curing for 33 gold pieces
 33494 | D:11     | Bought a potion of heal wounds for 55 gold pieces
 33494 | D:11     | Bought a potion of haste for 110 gold pieces
 33494 | D:11     | Bought a potion of curing for 33 gold pieces
 33494 | D:11     | Bought a potion of curing for 33 gold pieces
 33605 | Spider:1 | Noticed Roxanne
 33632 | Spider:1 | Noticed Louise
 33644 | Spider:1 | Killed Louise
 34033 | Spider:1 | Reached XP level 18. HP: 149/149 MP: 28/28
 34524 | Spider:2 | Reached skill level 17 in Dodging
 35919 | Spider:3 | Reached skill level 18 in Dodging
 36261 | Spider:3 | Noticed Donald
 36278 | Spider:3 | Killed Donald
 36324 | Spider:4 | Entered Level 4 of the Spider Nest
 36822 | Spider:4 | Reached skill level 19 in Dodging
 37342 | Spider:4 | Noticed Arachne
 37354 | Spider:4 | Killed Arachne
 37397 | Spider:4 | Reached XP level 19. HP: 114/155 MP: 20/29
 37535 | Spider:4 | Got a gossamer rune of Zot
 37642 | Spider:4 | Identified the ring of Losuobis {Fly Int+6}
 38214 | Lair:2   | Found a staircase to the Shoals.
 38220 | Lair:2   | Reached skill level 8 in Evocations
 38252 | Shoals:1 | Entered Level 1 of the Shoals
 38313 | Shoals:1 | Identified the +4 glaive of Sufficient Offence {heavy, rC+
                  | Will+ Str+2}
 38397 | Shoals:1 | Reached skill level 9 in Evocations
 38537 | Shoals:1 | Reached skill level 10 in Evocations
 39078 | Shoals:1 | Reached skill level 11 in Evocations
 39101 | Shoals:1 | Found Wyddaj's Weapon Emporium.
 39682 | Shoals:2 | Reached skill level 12 in Evocations
 39998 | Shoals:2 | Identified the serpent talisman of Scuffed Life {rElec rF+
                  | rN+}
 39998 | Shoals:2 | Noticed Aizul
 40011 | Shoals:2 | Killed Aizul
 40230 | Shoals:2 | Reached skill level 13 in Evocations
 40763 | Shoals:3 | Noticed Ilsuiw
 40829 | Shoals:3 | Killed Ilsuiw
 40840 | Shoals:3 | Reached skill level 14 in Evocations
 41150 | Shoals:3 | Identified the +0 chain mail "Posazy" {Rampage rF+}
 41745 | Shoals:4 | Entered Level 4 of the Shoals
 41760 | Shoals:4 | Reached skill level 15 in Evocations
 42189 | Shoals:4 | Found Ysinusan's Armour Boutique.
 42379 | Shoals:4 | Reached skill level 16 in Evocations
 42441 | Shoals:4 | Reached XP level 20. HP: 72/156 MP: 27/30
 42487 | Shoals:4 | Identified the +5 chain mail "Oczo" {Harm rCorr}
 43129 | Shoals:4 | Got a barnacled rune of Zot
 43156 | Shoals:4 | Reached skill level 17 in Evocations
 43158 | Shoals:4 | Found the +3 salamander hide armour {Flames, rFlCloud rF++
                  | rC--}
 44149 | Elf:3    | Found Paameisa's Jewellery Shoppe.
 44149 | Elf:3    | Found Ifogu's Book Shop.
 44150 | Elf:3    | Found Mega's Book Shop.
 44210 | Elf:3    | Killed Bai Suzhen
 44420 | Elf:3    | Found Qouga's Weapon Shop.
 44435 | Elf:3    | Found Notiliu's Antique Weapon Shoppe.
 45066 | Elf:3    | Reached skill level 18 in Evocations
 45839 | Elf:3    | Identified the +1 war axe "Widowmaker" {venom, ^Drain rF+
                  | rN+++}
 45974 | Elf:3    | Identified +0 pearl dragon scales
 46095 | Elf:3    | Noticed a Brimstone Fiend
 46309 | Elf:3    | Reached skill level 16 in Fighting
 47330 | Elf:3    | Got Sif Muna's Discursus on Ill Luck and Immolation
 47344 | Elf:3    | Identified the staff "Leviticus" {rElec rF++ Str-4 Air}
 47372 | Elf:3    | Identified the +1 short sword of Udeimiu {freeze, rC- rN+++
                  | rCorr SInv}
 47398 | Elf:3    | Got Geustri's Elucidation of the Tropics
 47406 | Elf:3    | Identified the staff of the Hand {rPois rC+ Dex-2 Stlth+
                  | Fire Ice}
 47760 | Vaults:1 | Entered Level 1 of the Vaults
 48307 | Elf:3    | Bought a runed arbalest for 300 gold pieces
 49210 | Vaults:1 | Reached skill level 15 in Ranged Weapons
 49548 | Vaults:1 | Reached XP level 21. HP: 154/172 MP: 31/31
 49786 | Vaults:1 | Found a radiant altar of Vehumet.
 49806 | Vaults:1 | Identified the +0 robe of Watchfulness {rN+ Dex+4}
 50046 | Vaults:1 | Reached skill level 16 in Ranged Weapons
 50128 | Vaults:1 | Found Kemau's Weapon Emporium.
 51117 | Vaults:2 | Reached skill level 17 in Ranged Weapons
 53039 | Vaults:2 | Reached skill level 18 in Ranged Weapons
 53091 | Vaults:2 | Found a staircase to the Crypt.
 54180 | Vaults:3 | Reached skill level 20 in Dodging
 55280 | Vaults:3 | Reached XP level 22. HP: 180/180 MP: 32/32
 56239 | Vaults:3 | Reached skill level 21 in Dodging
 57593 | Vaults:4 | Identified the +3 ring mail of the Horehound {rPois MP+9}
 58178 | Vaults:4 | Reached skill level 22 in Dodging
 58675 | Depths:1 | Entered Level 1 of the Depths
 58736 | Depths:1 | Found Muwn's Jewellery Shop.
 58740 | Depths:1 | Found Nacsut's Armour Boutique.
 58741 | Depths:1 | Found Ajun's Armour Shop.
 59061 | Depths:1 | Noticed Saint Roka
 59071 | Depths:1 | Reached skill level 17 in Fighting
 59316 | Depths:1 | Killed Saint Roka
 59834 | Depths:1 | Found a shadowy altar of Dithmenos.
 60548 | Depths:1 | Found a gateway to Hell.
 60617 | Depths:1 | Found a glowing golden altar of the Shining One.
 60862 | Depths:1 | HP: 9/182 [iron troll (26)]
 61375 | Depths:2 | Found a one-way gate leading to the halls of Pandemonium.
 61971 | Depths:1 | Reached XP level 23. HP: 155/190 MP: 33/33
 62104 | Depths:1 | Reached skill level 18 in Fighting
 62615 | Depths:2 | You are sucked into a shaft and drop 1 floor!
 62617 | Depths:3 | Found a one-way gate to the infinite horrors of the Abyss.
 62937 | Depths:2 | Reached skill level 19 in Fighting
 63478 | Depths:3 | Noticed Xtahua
 63502 | Depths:3 | Killed Xtahua
 64585 | Depths:3 | Noticed a caustic shrike
 64754 | Depths:3 | Noticed a golden dragon
 64763 | Depths:3 | Killed a golden dragon
 64931 | Depths:3 | Noticed a caustic shrike
 64957 | Depths:3 | Killed a caustic shrike
 64958 | Depths:3 | Reached skill level 15 in Invocations
 65340 | Depths:3 | Killed a caustic shrike
 65341 | Depths:3 | Reached skill level 1 in Armour
 65760 | Depths:3 | Reached skill level 2 in Armour
 65775 | Depths:3 | Reached skill level 3 in Armour
 66065 | Depths:3 | Reached skill level 4 in Armour
 66714 | Depths:3 | Reached skill level 5 in Armour
 66740 | Depths:3 | HP: 12/194 [fire giant/+1 great sword of flaming (11)]
 66741 | Depths:3 | Killed from afar by a fire giant

Vanquished Creatures
  Xtahua (Depths:3)
  Bai Suzhen (Elf:3)
  Saint Roka (Depths:1)
  2 caustic shrikes (Depths:3)
  A golden dragon (Depths:3)
  Arachne (Spider:4)
  Rupert (Lair:3)
  A walking crystal tome (Depths:3)
  2 tentacled monstrosities
  A lich (Depths:3)
  2 quicksilver dragons (Depths:3)
  A walking divine tome (Depths:3)
  3 sphinxes
  3 titans (Depths:3)
  2 deep elf blademasters (Elf:3)
  2 deep elf master archers (Elf:3)
  A tentacled starspawn (Abyss:2)
  A storm dragon (Depths:3)
  Donald (Spider:3)
  Gastronok (D:12)
  2 tengu reavers
  Kirke (D:12)
  2 fire giants
  Ilsuiw (Shoals:3)
  Aizul (Shoals:2)
  2 frost giants
  9 vault wardens
  5 deep elf sorcerers
  A ghost moth (Spider:2)
  An iron dragon (Depths:2)
  5 emperor scorpions
  A balrug (Depths:1)
  3 deep elf elementalists (Elf:3)
  Louise (Spider:1)
  A ghoul (Vaults:2)
  5 orc warlords
  9 broodmothers
  16 ironbound thunderhulks
  2 spriggan defenders (Depths:3)
  9 very ugly things
  25 ironbound preservers
  2 formless jellyfish
  A vampire knight (Vaults:2)
  4 stone giants
  5 deep elf annihilators
  5 deep elf demonologists (Elf:3)
  9 deep elf death magi
  8 dire elephants
  8 spark wasps
  A minotaur (Gauntlet)
  3 war gargoyles
  Snorg (Lair:3)
  2 ettins
  5 merfolk javelineers
  2 deep elf high priests (Elf:3)
  9 merfolk impalers
  4 fire dragons
  Josephine (Lair:3)
  3 rakshasas
  8 yaktaur captains
  9 entropy weavers
  5 great orbs of eyes
  7 hydras
  6 ice dragons
  4 merfolk avatars
  A jorogumo (Spider:1)
  A sphinx zombie (Vaults:1)
  A hell beast (Depths:2)
  A juggernaut simulacrum (Depths:3)
  An ogre mage (D:15)
  11 vault guards
  A peacekeeper (Vaults:2)
  2 ghost crabs (Spider:3)
  A spriggan air mage (Depths:3)
  3 radroaches
  16 centaur warriors
  5 merfolk aquamancers
  An alligator snapping turtle (Shoals:4)
  19 dancing weapons (Elf:2)
  3 tengu warriors
  A spriggan skeleton (Depths:3)
  6 boulder beetles
  10 ironbound frosthearts
  8 two-headed ogres
  A death knight (D:15)
  2 satyrs
  2 deep troll shamans
  3 deep troll earth magi
  4 demonic crawlers
  9 occultists
  A thrashing horror (Abyss:2)
  3 orc high priests
  3 hell knights
  A spriggan berserker (Depths:1)
  16 deep elf knights
  2 spriggans (Depths:2)
  A storm dragon zombie (Depths:1)
  A titan skeleton (Abyss:2)
  2 salamander mystics (Depths:2)
  13 sea snakes
  A fire crab (Lair:5)
  5 skeletal warriors
  6 pharaoh ants
  5 iron trolls
  A sixfirhy (Gauntlet)
  3 skysharks
  69 deep trolls
  A death drake (shapeshifter) (Depths:2)
  15 orb spiders
  A tengu zombie (Depths:3)
  2 large abominations (Abyss:2)
  A bunyip skeleton (Abyss:2)
  A swamp dragon (Lair:5)
  6 steelbarb worms
  4 thermic dynamos
  6 deep elf archers
  10 ironbound convokers
  A shadow dragon zombie (Depths:3)
  14 arcanists
  4 glowing orange brains
  12 lindwurms
  A sun moth (Spider:1)
  17 orc knights
  20 deep elf pyromancers
  7 necromancers
  23 harpies
  10 fauns
  9 orc sorcerers
  4 cyclopes
  24 deep elf zephyrmancers
  47 ugly things
  A stone giant zombie (Vaults:1)
  4 elephants (Lair:5)
  6 salamanders (Depths:2)
  17 wolf spiders
  2 moths of wrath (Spider:4)
  Maurice (D:7)
  15 manticores
  6 water nymphs
  10 merfolk sirens
  2 black mambas
  11 vault sentinels
  4 meliai
  8 torpor snails
  Jeremiah (D:7)
  7 smoke demons
  An apocalypse crab (Abyss:2)
  9 komodo dragons
  23 yaktaurs
  An unseen horror (Abyss:2)
  14 cane toads
  2 freezing wraiths (D:15)
  2 rime drakes (Lair:5)
  Maggie (D:7)
  3 tengu conjurers
  2 minotaur zombies (Gauntlet)
  A kobold demonologist (Elf:1)
  A hellwing (Abyss:2)
  27 merfolk
  8 tyrant leeches
  A merfolk (shapeshifter) (Vaults:3)
  5 wind drakes
  Grinder (D:5)
  A polar bear (Lair:2)
  7 saltlings (Orc:2)
  6 trolls
  An ettin zombie (Vaults:1)
  9 hornets
  4 dream sheep (Shoals:4)
  20 tarantellas
  A glass eye (Depths:3)
  39 blink frogs
  5 raiju (Abyss:2)
  15 snapping turtles
  16 slime creatures
  A fire giant simulacrum (Depths:1)
  An air elemental (Elf:1)
  33 jumping spiders
  8 shadows
  10 wraiths
  A culicivora (shapeshifter) (D:15)
  2 wyverns
  25 culicivoras
  11 water elementals
  A fire elemental (Elf:1)
  3 ynoxinuls (Abyss:2)
  5 hogs (D:12)
  20 humans (D:14)
  5 steam dragons
  4 wargs
  A wyvern (shapeshifter) (Abyss:2)
  24 yaks
  6 basilisks
  48 redbacks
  18 vampire mosquitoes
  2 chaos spawn (Abyss:2)
  A neqoxec (Abyss:2)
  Edmund (D:5)
  3 acid dragons (Lair:5)
  An acid dragon (shapeshifter) (D:13)
  A glowing shapeshifter zombie (Depths:1)
  12 water moccasins
  3 swamp drakes
  An ice beast (D:7)
  A black bear (D:7)
  22 orc warriors
  A sky beast (D:6)
  2 laughing skulls (Abyss:2)
  7 centaurs
  26 wolves
  5 boggarts
  16 ogres
  A human skeleton (Vaults:1)
  2 phantoms
  2 kobold brigands (Sewer)
  A weeping skull (Abyss:2)
  A brain worm (Abyss:2)
  12 bullfrogs
  5 scorpions
  A gnoll sergeant (D:10)
  An earth elemental (Elf:2)
  3 wights (D:5)
  19 killer bees
  2 electric eels
  2 hounds
  A bombardier beetle (D:5)
  17 orc priests
  2 jellies
  14 iguanas
  2 sleepcaps
  22 orc wizards
  5 hell rats (Lair:1)
  A mummy (D:7)
  8 gnolls
  6 adders
  2 river rats (Sewer)
  2 shadow imps
  4 white imps
  2 ufetubi (Gauntlet)
  5 dart slugs
  3 ribbon worms
  66 orcs
  10 ball pythons
  8 endoplasms
  A giant cockroach (D:4)
  8 goblins
  5 hobgoblins
  16 jackals
  6 quokkas
  A bat (D:1)
  A frilled lizard (D:1)
  A hobgoblin zombie (D:7)
  7 kobolds
  An orc zombie (D:7)
  9 rats
  A butterfly (Lair:1)
1671 creatures vanquished.

Vanquished Creatures (others)
  A fire giant (Depths:1)
  A deep elf elementalist (Elf:3)
  A spark wasp (Spider:4)
  A troll (Orc:2)
  A merfolk (Shoals:2)
  An orc (Orc:2)
  2 starspawn tentacles (Abyss:2)
8 creatures vanquished.

Grand Total: 1679 creatures vanquished

Table legend: (Time is in decaauts)
 A = Elapsed time spent in this place.
 B = Non-inter-level travel time spent in this place.
 C = Inter-level travel time spent in this place.
 D = Time resting spent in this place.
 E = Time spent auto-exploring this place.
 F = Levels seen in this place.
 G = Mean time per level.
                   A        B        C        D        E       F      G
               +--------+--------+--------+--------+--------+-----+--------+
         Total |  65897 |  59592 |   6305 |  10405 |  38424 |  43 | 1532.5 |
       Dungeon |  17770 |  14975 |   2795 |   1666 |  10861 |  15 | 1184.7 |
          Lair |   7461 |   6801 |    660 |    281 |   5255 |   5 | 1492.2 |
        Shoals |   5368 |   5127 |    241 |    616 |   3496 |   4 | 1342.0 |
   Spider Nest |   4889 |   4615 |    274 |    480 |   3106 |   4 | 1222.2 |
  Orcish Mines |   3082 |   2400 |    682 |    228 |   1646 |   2 | 1541.0 |
   Elven Halls |   7752 |   7207 |    545 |   2490 |   3498 |   3 | 2584.0 |
        Vaults |   9454 |   8792 |    662 |   1316 |   5836 |   4 | 2363.5 |
        Depths |   8337 |   7894 |    443 |   2998 |   3740 |   3 | 2779.0 |
         Abyss |    559 |    559 |      0 |      0 |    385 |   1 |  559.0 |
         Sewer |    303 |    303 |      0 |    124 |    112 |   1 |  303.0 |
      Gauntlet |    918 |    918 |      0 |    203 |    487 |   1 |  918.0 |
               +--------+--------+--------+--------+--------+-----+--------+

Top non-repeatable levels by time:
Depths:1: 3634 daAuts
   Elf:3: 3584 daAuts
Vaults:1: 2877 daAuts
Vaults:2: 2709 daAuts
   Elf:2: 2572 daAuts
Depths:3: 2555 daAuts
Vaults:3: 2310 daAuts
Depths:2: 2147 daAuts
  Lair:5: 2010 daAuts
   Orc:2: 1990 daAuts
    D:14: 1758 daAuts
  Lair:3: 1743 daAuts
Shoals:4: 1687 daAuts
  Lair:2: 1640 daAuts
   Elf:1: 1595 daAuts

Table legend:
 A = Non-vault XP
 B = Vault XP
 C = Vault XP percentage of total XP
 D = Non-vault monster count
 E = Vault monster count
 F = Vault count percentage of total count
                 A         B        C        D         E       F
            +---------+---------+-------+---------+---------+-------
      Total |  451671 |  348654 |  43.6 |    1093 |     582 |  34.7
            +---------+---------+-------+---------+---------+-------
        D:1 |      55 |       4 |   6.8 |      28 |       2 |   6.7
        D:2 |      28 |       0 |   0.0 |       8 |       0 |   0.0
        D:3 |     179 |       0 |   0.0 |      21 |       0 |   0.0
        D:4 |     347 |       0 |   0.0 |      21 |       0 |   0.0
        D:5 |     997 |     461 |  31.6 |      25 |       7 |  21.9
        D:6 |     593 |       0 |   0.0 |      11 |       0 |   0.0
        D:7 |     978 |    1811 |  64.9 |      16 |      14 |  46.7
        D:8 |    1439 |       0 |   0.0 |      27 |       0 |   0.0
        D:9 |    2961 |       0 |   0.0 |      24 |       0 |   0.0
       D:10 |     695 |     596 |  46.2 |       9 |      17 |  65.4
       D:11 |    3001 |       0 |   0.0 |      14 |       0 |   0.0
       D:12 |    4057 |    3836 |  48.6 |      11 |       7 |  38.9
       D:13 |    6713 |    6338 |  48.6 |      18 |       8 |  30.8
       D:14 |   22615 |    7499 |  24.9 |      41 |      25 |  37.9
       D:15 |   11250 |    3784 |  25.2 |      18 |       5 |  21.7
     Lair:1 |    4472 |    1166 |  20.7 |      29 |       8 |  21.6
     Lair:2 |    8767 |    1062 |  10.8 |      29 |       3 |   9.4
     Lair:3 |    4309 |    4364 |  50.3 |      16 |       6 |  27.3
     Lair:4 |    9808 |       0 |   0.0 |      33 |       0 |   0.0
     Lair:5 |   10453 |   10776 |  50.8 |      29 |      36 |  55.4
   Shoals:1 |   12082 |    5442 |  31.1 |      24 |       8 |  25.0
   Shoals:2 |   16002 |    1340 |   7.7 |      33 |       1 |   2.9
   Shoals:3 |   15709 |    3207 |  17.0 |      32 |       4 |  11.1
   Shoals:4 |   14176 |   20548 |  59.2 |      34 |      32 |  48.5
   Spider:1 |   11332 |   12514 |  52.5 |      36 |      23 |  39.0
   Spider:2 |   18683 |     265 |   1.4 |      44 |       1 |   2.2
   Spider:3 |    6059 |    9536 |  61.1 |      18 |      24 |  57.1
   Spider:4 |   16029 |   27004 |  62.8 |      33 |      48 |  59.3
      Orc:1 |    2305 |       0 |   0.0 |      23 |       0 |   0.0
      Orc:2 |    4025 |   16124 |  80.0 |      44 |      48 |  52.2
      Elf:1 |    8046 |    5444 |  40.4 |      14 |       9 |  39.1
      Elf:2 |   16355 |   26368 |  61.7 |      25 |      36 |  59.0
      Elf:3 |    3258 |   36261 |  91.8 |       5 |      31 |  86.1
   Vaults:1 |   45541 |   32382 |  41.6 |      69 |      40 |  36.7
   Vaults:2 |   21429 |   22251 |  50.9 |      32 |      30 |  48.4
   Vaults:3 |   34758 |   24291 |  41.1 |      43 |      30 |  41.1
   Vaults:4 |   21263 |   13231 |  38.4 |      27 |      21 |  43.8
   Depths:1 |   25554 |    9043 |  26.1 |      30 |      11 |  26.8
   Depths:2 |   32003 |    7589 |  19.2 |      46 |       8 |  14.8
   Depths:3 |   22701 |   30586 |  57.4 |      25 |      17 |  40.5
    Abyss:2 |   10644 |       0 |   0.0 |      28 |       0 |   0.0
      Sewer |       0 |     236 | 100.0 |       0 |      12 | 100.0
   Gauntlet |       0 |    3295 | 100.0 |       0 |      10 | 100.0
            +---------+---------+-------+---------+---------+-------
